dont blame us, you double team first.

Match 18291276
End
Construct Weapon Support Center
Selects Airborne Battlegroup
Selects Pathfinders
Pathfinder Squad
M1919 Machine Gun Team
Bazooka Squad
M1919 Machine Gun Team
Infantry Support Center
M3 Armored Personnel Carrier
Selects Paratrooper Squad Paradrop
Paratrooper Squad Paradrop
Munitions Surplus
Construct Medical Station
Selects Anti-tank Gun Team Paradrop
Engineer Squad
Construct Tank Depot
Mortar Pit
Selects Recon Loiter
Selects Supply Drop
M4(105) Sherman Bulldozer
Selects Dual P-47 Rocket Strike
Dual P-47 Rocket Strike
M4(105) Sherman Bulldozer
Engineer Squad
Bazooka Squad
Recon Loiter
Dual P-47 Rocket Strike
M18 Hellcat Tank Destroyer
Advanced Logistics
Dual P-47 Rocket Strike
M18 Hellcat Tank Destroyer
Dual P-47 Rocket Strike
M4(105) Sherman Bulldozer
Dual P-47 Rocket Strike
Paratrooper Squad Paradrop
Mortar Pit
M18 Hellcat Tank Destroyer
Mortar Pit
M4(105) Sherman Bulldozer
smallNhii
Vic
KimJeongEn
Leiarde
0
0

Comments sign in to comment!

No comments posted yet!